Map: Equilibrium LE

Players

Subwayeatn - Winner!

  • Race: Zerg Zerg
  • League: Platinum
  • Spawn Location: 11:00

haryelefant

  • Race: Zerg Zerg
  • League: Platinum
  • Spawn Location: 1:00

VOD

Have the link to the VOD?

Description

Time

  • Played on: Nov. 4, 2023, 5:56 p.m.
  • Length: 3:28
Show
View Real Time Build Order
Export as new Build Order

Subwayeatn Zerg - Winner!

Build Orders: Pool First 

Get SALT Encoding   

  12  0:00  Drone  
  13  0:08  Drone  
  14  0:14  Extractor  
  13  0:28  Spawning Pool  
  12  0:58  Hatchery  
  11  1:14  Queen  
  13  1:20  Zergling x2  
  14  1:30  Metabolic Boost  
  14  1:41  Overlord  
  14  1:59  Zergling x6  
  17  2:16  Zergling x4  
  19  2:26  Zergling x2  
  19  2:27  Zergling x8  
  24  2:49  Zergling x6  
  24  2:50  Zergling x2  
Show
View Real Time Build Order
Export as new Build Order

haryelefant Zerg 

Build Orders: Pool First 

Get SALT Encoding   

  12  0:04  Drone  
  13  0:13  Overlord  
  13  0:25  Extractor  
  12  0:30  Drone x2  
  12  0:32  Drone  
  15  0:45  Drone  
  16  0:50  Spawning Pool  
  16  0:54  Drone  
  16  1:03  Drone  
  17  1:17  Drone  
  18  1:30  Hatchery  
  17  1:37  Drone x2  
  19  1:42  Metabolic Boost  
  19  1:57  Zergling x4  
  21  2:07  Zergling x2  
  22  2:19  Overlord  
  22  2:37  Queen  
  22  2:38  Spine Crawler  
  23  2:48  Zergling x2  
  23  2:49  Zergling x4, Queen  
  27  2:58  Baneling Nest  
  27  3:00  Spine Crawler  
  27  3:03  Zergling x4  
  24  3:06  Zergling x2  
Tags
 
Add a new tag
Caveats
  • Supply blocks, unpowered buildings, or Contaminate may cause inaccurate times.
  • Supply counts are checked every 10 seconds.